 Dungeon Crawl Stone Soup version 0.22-b1-26-g9dbaab1 (webtiles) character file.

227 Lew the Shield-Bearer (level 6, -8/38 HPs)
             Began as a Gargoyle Fighter on Aug 9, 2018.
             Was an Initiate of Gozag.
             Mangled by an ogre
             ... wielding a +0 giant spiked club
              (13 damage)
             ... on level 4 of the Dungeon.
             The game lasted 00:04:56 (2780 turns).

Lew the Shield-Bearer (Gargoyle Fighter)            Turns: 2780, Time: 00:04:57

Health: -8/38      AC: 11    Str: 20 (22) XL:     6   Next: 2%
Magic:  6/6        EV:  7    Int:  6 (8)  God:    Gozag
Gold:   420        SH:  9    Dex:  7 (9)  Spells: 5/5 levels left

rFire    . . .     SeeInvis .   a - +1 war axe
rCold    . . .     Gourm    .   c - +0 shield
rNeg     + . .     Faith    .   b - +0 scale mail
rPois    ∞         Spirit   .   (no helmet)
rElec    +         Reflect  .   (no cloak)
rCorr    .         Harm     .   (no gloves)
MR       .....                  (no boots)
Stlth    ..........             (no amulet)
HPRegen  0.12/turn              (no ring)
MPRegen  0.10/turn              (no ring)

@: no status effects
A: negative energy resistance 1, electricity resistance, unbreathing,
petrification resistance, rot immunity, AC +4
a: Potion Petition, Call Merchant, Bribe Branch, Renounce Religion


You were on level 4 of the Dungeon.
You worshipped Gozag.
Gozag was aware of your devotion.
You were not hungry.

You visited 1 branch of the dungeon, and saw 4 of its levels.

You collected 464 gold pieces.
You paid 44 gold pieces to Gozag.

Inventory:

Hand Weapons
 a - a +1 war axe (weapon)
Armour
 b - a +0 scale mail (worn)
 c - a +0 shield (worn)
 u - a +1 cloak
Jewellery
 s - an uncursed ring of poison resistance {unknown}
Scrolls
 j - a scroll of enchant weapon
 o - 2 scrolls of remove curse
 q - 2 scrolls of teleportation
Potions
 d - a potion of might
 g - a potion of flight
 i - a potion of berserk rage
 n - a potion of curing
 r - a potion of brilliance
Comestibles
 f - 2 rations


   Skills:
 + Level 4.3 Fighting
 + Level 2.8 Axes
 + Level 4.2 Armour
 + Level 2.7 Stealth
 + Level 4.3 Shields


You had 5 spell levels left.
You didn't know any spells.
Your spell library was empty.

Dungeon Overview and Level Annotations

Branches:
Dungeon (4/15)
 Temple: D:4-7

Altars:
Gozag


Innate Abilities, Weirdness & Mutations

You are resistant to torment.
Your stone body is resilient. (AC +4)
You are immune to poison.
You resist negative energy. (rN+)
You are resistant to electric shocks. (rElec)
You can survive without breathing.
You are immune to petrification.
You are immune to rotting.


Message History

You start resting.
An ogre comes into view. It is wielding a giant spiked club.
Things that are here:
7 gold pieces; a whip The ogre shouts!
You hit the ogre.
The ogre is moderately wounded.
The ogre hits you with a giant spiked club!
* * * LOW HITPOINT WARNING * * *
You hit the ogre.
The ogre is moderately wounded.
You block the ogre's attack.
You hit the ogre.
The ogre is heavily wounded.
You block the ogre's attack.
You hit the ogre.
The ogre is severely wounded.
The ogre hits you with a giant spiked club!
You die...
Your body crumbles into a pile of gold.

#.##.# ## #.##.## ... $
#.##..#####...
#.............
#............. .
#.............
....######...).........
.........#.####..###.#
########@#.# ##.##
#O#.# #..# #$#'###
##.## #$....## #..#
#......# ##.# #......#
#.# #.#....# #.#
#........# #.#
#.....#### #.#


You could see an ogre.

Vanquished Creatures
  A scorpion (D:3)
  Terence (D:2)
  Jessica (D:2)
  3 gnolls (D:4)
  3 adders
  An ooze (D:3)
  4 dart slugs
  A leopard gecko (D:3)
  8 bats
  3 giant cockroaches
  7 hobgoblins
  6 jackals (D:3)
  2 quokkas
  A ball python (D:3)
  2 frilled lizards (D:1)
  7 goblins
  3 kobolds (D:1)
  5 rats
59 creatures vanquished.

Notes
Turn   | Place    | Note
-------+----------+-------------------------------------------
     0 | D:1      | Lew the Gargoyle Fighter began the quest for the Orb.
     0 | D:1      | Reached XP level 1. HP: 14/14 MP: 1/1
    77 | D:1      | Reached XP level 2. HP: 4/19 MP: 2/2
   537 | D:1      | Reached skill level 1 in Stealth
   763 | D:2      | Found an opulent altar of Gozag.
   764 | D:2      | Noticed Terence
   767 | D:2      | Reached XP level 3. HP: 23/23 MP: 3/3
   788 | D:2      | Killed Terence
  1036 | D:2      | Became a worshipper of Gozag Ym Sagoz the Greedy
  1052 | D:2      | Noticed Jessica
  1066 | D:2      | Killed Jessica
  1066 | D:2      | Reached XP level 4. HP: 20/29 MP: 4/4
  2013 | D:3      | Reached XP level 5. HP: 28/33 MP: 5/5
  2674 | D:4      | Reached XP level 6. HP: 9/38 MP: 6/6
  2780 | D:4      | Mangled by an ogre

Skill      XL: |  1  2  3  4 |
---------------+-------------+-----
Axes           | 2 |  2.8
Stealth        | 1 2 |  2.7
Shields        | 4 |  4.3
Fighting       | 4 |  4.3
Armour         | 4 |  4.2

Action                   |  1- 3 |  4- 6 || total
-------------------------+-------+-------++-------
Melee: War axe           |    78 |   163 ||   241
  Use: Scroll            |       |     7 ||     7
       Potion            |       |     7 ||     7
  Eat: Ration            |       |     2 ||     2
Armor: Scale mail        |    35 |   107 ||   142
Dodge: Dodged            |    22 |    66 ||    88
Block: Shield            |    41 |   128 ||   169
